 Dungeon Crawl Stone Soup version 0.30-a0-879-ga8ba668304 (webtiles) character file.

Game seed: 12242590545799919858

75 retardedninja the Covered (level 4, 0/40 HPs)
             Began as an Armataur Fighter on Mar 13, 2023.
             Slain by an iguana (10 damage)
             ... on level 4 of the Dungeon.
             The game lasted 00:02:06 (1645 turns).

retardedninja the Covered (Armataur Fighter)        Turns: 1645, Time: 00:02:09

Health: 0/40       AC:  8    Str: 23    XL:     4   Next: 11%
Magic:  4/4        EV:  5    Int:  8    God:
Gold:   112        SH:  0    Dex: 10    Spells: 3/3 levels left

rFire   . . .      SeeInvis .    a - +0 war axe
rCold   . . .      Faith    .    c - +0 buckler
rNeg    . . .      Spirit   .    l - +0 chain mail
rPois   .          Reflect  .    (no helmet)
rElec   .          Roll     +    (no cloak)
rCorr   .                        (no gloves)
Will    .....                    (no barding) Stlth
                                 (no amulet)
HPRegen 0.26/turn                (no ring)
MPRegen 0.09/turn                (no ring)

@: confused, mighty, ambrosia-drunk
A: large, rugged brown scales 3, deformed body, armoured tail, roll, long
tongue, awkward tongue
a: no special abilities


You were on level 4 of the Dungeon.
You visited 1 branch of the dungeon, and saw 4 of its levels.

You collected 112 gold pieces.

Inventory:

Hand Weapons
 a - a +0 war axe (weapon)
Armour
 b - a +0 scale mail
 c - a +0 buckler (worn)
 l - a +0 chain mail (worn)
Jewellery
 p - a +6 ring of dexterity
Scrolls
 e - a scroll of blinking {unknown}
 f - a scroll of noise {unknown}
 i - a scroll of magic mapping {unknown}
 j - 4 scrolls of identify {unknown}
 m - a scroll of poison {unknown}
 n - 2 scrolls of enchant armour {unknown}
 o - a scroll of torment {unknown}
Potions
 g - a potion of cancellation
 h - a potion of flight
 k - a potion of degeneration {unknown}
 r - a potion of magic {unknown}


   Skills:
 + Level 3.2 Fighting
 * Level 2.2 Axes
 + Level 4.3 Armour
 + Level 4.0 Shields


You had 3 spell levels left.
You didn't know any spells.
Your spell library contained the following spells:

 Spells                   Type           Power      Damage    Failure   Level
 Stone Arrow              Conj/Erth      0%         3d7       100%        3
 Animate Armour           Summ/Erth      0%         N/A       100%        4
 Ice Form                 Ice/Tmut       0%         N/A       100%        4
 Blade Hands              Tmut           0%         N/A       100%        5
 Irradiate                Conj/Tmut      0%         3d11      100%        5
 Iron Shot                Conj/Erth      0%         9d1       100%        6
 Lehudib's Crystal Spear  Conj/Erth      0%         10d2      100%        8


Dungeon Overview and Level Annotations

Branches:
Dungeon (4/15)
 Temple: D:4-7

Altars:
Uskayaw


Innate Abilities, Weirdness & Mutations

You are completely covered in rugged brown scales. (AC +3, +7% HP)
Armour fits poorly on your strangely shaped body.
You have a long armoured tail.
You roll when moving toward enemies. (Rampage)
Your long tongue fully drains potion bottles. (2x potion effects)
Your tongue gives you trouble enunciating. (1.5x scroll delay)


Message History

You are too injured to fight recklessly!
You are too injured to fight recklessly!
You completely miss the iguana.
You tail-slap the iguana, but do no damage.
The iguana is moderately wounded.
You completely miss the scorpion. The scorpion barely misses you.
The iguana bites you but does no damage.
The scorpion stings you.
You hit the iguana. You tail-slap the iguana.
The iguana is almost dead.
You closely miss the scorpion. The scorpion stings you. The iguana bites you!
* * * LOW HITPOINT WARNING * * *
You block the scorpion's attack. The iguana bites you.
* * * LOW HITPOINT WARNING * * *
You slurp down every last drop of the bubbling emerald potion!
It was a potion of flight.
You feel very buoyant.
You fly up into the air.
The scorpion stings you.
* * * LOW HITPOINT WARNING * * *
The iguana barely misses you.
You slurp down every last drop of the murky coppery potion!
It was a potion of cancellation.
Your magical effects are unravelling.
You feel magically purged.
You float gracefully downwards.
The scorpion stings you.
* * * LOW HITPOINT WARNING * * *
The iguana bites you.
* * * LOW HITPOINT WARNING * * *
You slurp down every last drop of the smoky cyan potion!
It was a potion of ambrosia.
You are confused.
You feel invigorated. The scorpion completely misses you. The iguana bites you!
* * * LOW HITPOINT WARNING * * *
You slurp down every last drop of the potion of might!
You feel very mighty all of a sudden.
The scorpion stings you but does no damage.
The scorpion stings you.
* * * LOW HITPOINT WARNING * * *
The iguana bites you!
You die...

#...... ##.......
. ......... ..#
##........
#...###.........
#.....<........
##.##....##... ##
#..........
#..#..##@........#
#......sl..>......
#................#
#......#.........#
.......#..!......#
..#......##.......
.......... ......
#........# .....
##....# .. ..


You could see a scorpion and an iguana.

Vanquished Creatures
  Natasha (D:3)
  A worm (D:3)
  2 dart slugs (D:1)
  7 ball pythons
  7 endoplasms
  2 giant cockroaches
  3 goblins
  3 hobgoblins
  3 quokkas
  2 bats
  3 frilled lizards
  2 kobolds (D:1)
  5 rats
41 creatures vanquished.

Notes
Turn   | Place    | Note
-------+----------+-------------------------------------------
     0 | D:1      | retardedninja the Armataur Fighter began the quest for the
                  | Orb.
     0 | D:1      | Reached XP level 1. HP: 19/19 MP: 1/1
   106 | D:1      | Reached XP level 2. HP: 25/26 MP: 2/2
   129 | D:1      | Got Sif Muna's Papyrus of Changing Cold
   252 | D:1      | Found a faded altar of an unknown god.
   515 | D:1      | Reached XP level 3. HP: 29/33 MP: 3/3
  1248 | D:3      | Noticed Natasha
  1254 | D:3      | Killed Natasha
  1319 | D:3      | Identified the +8 short sword of the Festooned God {venom,
                  | MP+9 Int+2 Dex-3}
  1336 | D:3      | Found a hide-covered altar of Uskayaw.
  1394 | D:3      | Reached XP level 4. HP: 40/40 MP: 4/4
  1634 | D:4      | Noticed a scorpion
  1645 | D:4      | Slain by an iguana

Illustrated notes

Levels and vault maps discovered:
D:1:      lordsloth_arrival_two_stooges, layout_basic,
          hellmonk_ecumenical_altar_arch_garden
D:2:      layout_basic, serial_shops, shop, ebering_dispersal_statue_hall
D:3:      layout_loops_ring, lemuel_crystal_altar, uniq_natasha
D:4:      layout_cave_pools, trog_book

Skill      XL: |  1  2  3  4 |
---------------+-------------+-----
Armour         | 4 |  4.3
Fighting       | 3 |  3.2
Axes           | 2 |  2.2
Shields        | 4 |  4.0

Action                     |  1- 3 |  4- 6 || total
---------------------------+-------+-------++-------
  Melee: War axe           |    78 |    21 ||    99
         Tailslap          |     7 |     4 ||    11
    Use: Potion            |       |     4 ||     4
 Armour: Scale mail        |    26 |       ||    26
         Chain mail        |    18 |    15 ||    33
  Dodge: Dodged            |    25 |     5 ||    30
  Block: Buckler           |    16 |     4 ||    20

Table legend: (Time is in decaauts)
 A = Elapsed time spent in this place.
 B = Non-inter-level travel time spent in this place.
 C = Inter-level travel time spent in this place.
 D = Time resting spent in this place.
 E = Time spent auto-exploring this place.
 F = Levels seen in this place.
 G = Mean time per level.
                   A        B        C        D        E       F      G
               +--------+--------+--------+--------+--------+-----+--------+
         Total |   1697 |   1628 |     69 |     38 |   1271 |   4 |  424.2 |
       Dungeon |   1697 |   1628 |     69 |     38 |   1271 |   4 |  424.2 |
               +--------+--------+--------+--------+--------+-----+--------+

Top non-repeatable levels by time:
     D:1: 707 daAuts
     D:3: 578 daAuts
     D:2: 395 daAuts
     D:4: 15 daAuts
